 Seeded DCSS version 0.30.1-11-g7821555f0a (webtiles) character file.

Game seed: 8617203140785432855 (custom seed)

2079 Psyclone the Destroyer (level 9, -1/45 HPs)
             Began as a Deep Elf Conjurer on Nov 3, 2023.
             Was an Initiate of Gozag.
             Slain by a human
             ... wielding a +0 war axe
              (6 damage)
             ... in a bailey.
             The game lasted 00:14:10 (3889 turns).

Psyclone the Destroyer (Deep Elf Conjurer)          Turns: 3889, Time: 00:14:11

Health: -1/45      AC:  7    Str:  2    XL:     9   Next: 6%
Magic:  2/15       EV: 12    Int: 36    God:    Gozag
Gold:   715        SH:  0    Dex: 11    Spells: 11/14 levels left

rFire   + . .        h - +3 Elemental Staff {rElec rF+ rC+ AC+3}
rCold   + . .        (no shield)
rNeg    . . .        a - +0 robe
rPois   .            (no helmet)
rElec   +            (no cloak)
rCorr   .            e - +0 pair of gloves
SInv    .            d - +0 pair of boots
Will    .....        (no amulet)
Stlth   ++           (no ring)
HPRegen 1.07/turn    (no ring)
MPRegen 0.14/turn

%: clarity
@: no status effects
A: clarity, clever 2, regeneration 1
a: Renounce Religion, Potion Petition, Call Merchant, Bribe Branch


You were in a bailey.
You worshipped Gozag.
Gozag was pleased with you.
You visited 2 branches of the dungeon, and saw 9 of its levels.
You also visited: Bailey.

You collected 1457 gold pieces.
You paid 742 gold pieces to Gozag.

Inventory:

Hand Weapons
 h - the +3 Elemental Staff (weapon) {rElec rF+ rC+ AC+3}
   (You acquired it on level 3 of the Dungeon)

   It enhances your fire, ice, earth and air magic.
   AC:        It affects your AC (+3).
   rF:        It protects you from fire.
   rC:        It protects you from cold.
   rElec:     It insulates you from electricity.
 m - a +0 dagger
Armour
 a - a +0 robe (worn)
 d - a +0 pair of boots (worn)
 e - a +0 pair of gloves (worn)
 g - a +2 robe of the Archmagi
 n - a +0 robe
Jewellery
 c - the dreamshard necklace {*Dream Drain}
   (You found it on level 3 of the Dungeon)

   [amulet of nothing]

   *Dream:    It shatters if its wearer takes lethal or near-lethal damage,
   preventing the blow and releasing protective dreams that heal and fight for
   the wearer.
   Drain:     It drains your maximum health when unequipped.
Scrolls
 f - a scroll of butterflies {unknown}
 i - 2 scrolls of teleportation
 k - a scroll of silence {unknown}
 l - a scroll of magic mapping {unknown}
Potions
 b - a potion of magic
 j - a potion of heal wounds {unknown}
 o - a potion of might {unknown}


   Skills:
 - Level 2.4 Dodging
 - Level 2.4 Stealth
 - Level 3.0 Spellcasting
 + Level 13.6 Conjurations


You had 11 spell levels left.
You knew the following spells:

 Your Spells              Type           Power      Damage    Failure   Level
a - Magic Dart            Conj           100%       1d8       1%          1
b - Searing Ray           Conj           100%       2d8       1%          2

Your spell library contained the following spells:

 Spells                   Type           Power      Damage    Failure   Level
 Dazzling Flash           Conj/Hex       100%       N/A       1%          3
 Fulminant Prism          Conj/Hex       26%        3d13      3%          4
 Iskenderun's Mystic Bla  Conj/Tloc      53%        2d11      3%          4


Dungeon Overview and Level Annotations

Branches:
Dungeon (8/15) Zot: 26596  Temple (1/1) D:5 Zot: 5918  Bailey (1/1) Zot: 5980
   Lair: D:8-11

Altars:
Ashenzari
Gozag
Makhleb
Nemelex Xobeh
Okawaru
Sif Muna
Trog
Uskayaw
Vehumet
Wu Jian
Xom
Zin
The Shining One

Shops:
D:7 =   Temple =

Annotations:
D:7 1 runed translucent door, middlethird's ghost, novice VSMo


Innate Abilities, Weirdness & Mutations

You possess an exceptional clarity of mind.
Your mind is very acute. (Int +8, Str/Dex -2)
Your natural rate of healing is unusually fast.


Message History

You take 6 damage, and have 37/45 hp.
You now have 7/15 mp.
The searing ray misses the human.
The searing ray hits the human.
The human is lightly wounded.
You finish channelling your searing ray.
The human misses you.
The human hits you with a +2 heavy hand axe.
You take 4 damage, and have 34/45 hp.
You now have 6/15 mp.
Casting: Searing Ray (safe; 1% risk of failure)
Confirm with . or Enter, or press ? or * to list all spells.
Aiming: Searing Ray (safe; 1% risk of failure)
Press: ? - help, Shift-Dir - straight line, f - human
Aim: a human, wielding a +2 heavy hand axe and wearing a +0 ring mail (lightly wounded, 79% to hit)
The searing ray hits the human but does no damage.
The human is lightly wounded. (Press . to maintain the ray.)
The human hits you but does no damage.
You now have 4/15 mp.
The searing ray misses the human.
The human hits you with a +2 heavy hand axe!
The human hits you with a +0 war axe.
You take 17 damage, and have 18/45 hp.
MASSIVE DAMAGE!!
You now have 3/15 mp.
The searing ray hits the human but does no damage.
The human is lightly wounded.
The human misses you. x2
You now have 2/15 mp.
The searing ray hits the human!
The human is heavily wounded.
You finish channelling your searing ray.
The human hits you with a +0 war axe!
* * * LOW HITPOINT WARNING * * *
A human comes into view. It is wielding a +0 war axe.
The human shouts!
You take 11 damage, and have 8/45 hp.
MASSIVE DAMAGE!!
You now have 1/15 mp.
The human hits you with a +0 war axe.
* * * LOW HITPOINT WARNING * * *
You take 4 damage, and have 4/45 hp.
The human hits you with a +0 war axe.
You die...
Your body crumbles into a pile of gold.

##### #####
......
##...##......
#..∩..p$...#
#...pp######
#..∩.@+
##...## #####


You could see 3 humans.

Vanquished Creatures
  Prince Ribbit (D:7)
  Menkaure (D:6)
  An ice beast (D:7)
  3 orc warriors
  An ogre (D:6)
  2 centaurs
  A kobold brigand (D:8)
  2 phantoms
  Blork the orc (D:6)
  A bullfrog (D:7)
  5 wights
  A howler monkey (D:7)
  A jelly (D:8)
  2 hounds (D:7)
  An orc priest (D:7)
  Jessica (D:2)
  3 iguanas
  Terence (D:2)
  6 orc wizards
  Robin (D:2)
  2 adders
  An ufetubus (D:7)
  A worm (D:2)
  2 dart slugs
  16 orcs
  2 endoplasms (D:3)
  7 goblins
  6 hobgoblins
  2 jackals (D:3)
  2 quokkas
  2 ball pythons
  3 bats
  3 kobolds
85 creatures vanquished.

Notes
Turn   | Place    | Note
-------+----------+-------------------------------------------
     0 | D:1      | Psyclone the Deep Elf Conjurer began the quest for the Orb.
     0 | D:1      | Reached XP level 1. HP: 10/10 MP: 6/6
    79 | D:1      | Gained mutation: You have hidden genetic potential. [potion
                  | of mutation]
    79 | D:1      | Gained mutation: You have a pair of small horns on your
                  | head. [potion of mutation]
    79 | D:1      | Gained mutation: You have supernaturally acute eyesight.
                  | (SInv) [potion of mutation]
   135 | D:2      | Reached skill level 5 in Conjurations
   135 | D:2      | Reached XP level 2. HP: 15/15 MP: 2/8
   140 | D:2      | Learned a level 2 spell: Searing Ray
   222 | D:2      | Noticed Terence
   237 | D:2      | Killed Terence
   238 | D:2      | Reached XP level 3. HP: 19/19 MP: 1/9
   250 | D:2      | Gained mutation: Your mind is acute. (Int +4, Str/Dex -1)
                  | [hidden potential]
   336 | D:2      | Noticed Jessica
   338 | D:2      | Killed Jessica
   339 | D:2      | Reached skill level 6 in Conjurations
   339 | D:2      | Reached XP level 4. HP: 24/24 MP: 7/10
   399 | D:2      | Noticed Robin
   406 | D:2      | Killed Robin
   418 | D:2      | Gained mutation: Your mind is very acute. (Int +8, Str/Dex
                  | -2) [hidden potential]
   418 | D:2      | Lost mutation: You have hidden genetic potential. [hidden
                  | potential expressed]
   535 | D:2      | Lost mutation: You have a pair of small horns on your head.
                  | [potion of mutation]
   535 | D:2      | Lost mutation: You have supernaturally acute eyesight.
                  | (SInv) [potion of mutation]
   535 | D:2      | Gained mutation: You have hidden genetic potential. [potion
                  | of mutation]
   535 | D:2      | Gained mutation: You are strong-willed. (Will+) [potion of
                  | mutation]
   535 | D:2      | Lost mutation: You are strong-willed. (Will+) [potion of
                  | mutation]
   588 | D:3      | Found the dreamshard necklace {*Dream Drain}
   789 | D:3      | Identified a scroll of acquirement
   789 | D:3      | Acquired the +3 Elemental Staff {rElec rF+ rC+ AC+3}
   789 | D:3      | Found the +3 Elemental Staff {rElec rF+ rC+ AC+3}
   849 | D:4      | Noticed a phantom
   853 | D:4      | Killed a phantom
   854 | D:4      | Reached skill level 7 in Conjurations
   854 | D:4      | Reached XP level 5. HP: 26/28 MP: 4/11
   865 | D:4      | Gained mutation: You possess an exceptional clarity of
                  | mind. [hidden potential]
   926 | D:5      | Entered Level 5 of the Dungeon
   964 | D:5      | Found a broken altar of Ashenzari.
  1000 | D:5      | Acquired 1173 gold pieces
  1009 | D:5      | Identified the +0 leather armour of Prudence {-Cast Contam
                  | rN+++ Dex+8}
  1052 | D:5      | Found a staircase to the Ecumenical Temple.
  1059 | Temple   | Entered the Ecumenical Temple
  1077 | Temple   | Became a worshipper of Gozag Ym Sagoz the Greedy
  1216 | D:6      | Found an ornate altar of the Wu Jian Council.
  1221 | D:6      | Noticed a spectral centipede
  1221 | D:6      | Noticed a spectral black mamba
  1221 | D:6      | Noticed a spectral cane toad
  1231 | D:6      | Noticed an ogre
  1238 | D:6      | Killed an ogre
  1239 | D:6      | Reached skill level 8 in Conjurations
  1239 | D:6      | Reached XP level 6. HP: 32/32 MP: 5/12
  1314 | D:6      | Noticed an orc warrior
  1315 | D:6      | Found a shimmering blue altar of Sif Muna.
  1326 | D:6      | Gained mutation: Your natural rate of healing is unusually
                  | fast. [hidden potential]
  1326 | D:6      | Lost mutation: You have hidden genetic potential. [hidden
                  | potential expressed]
  1331 | D:6      | Killed an orc warrior
  1479 | D:6      | Reached skill level 9 in Conjurations
  1479 | D:6      | Reached XP level 7. HP: 21/36 MP: 7/13
  1635 | D:6      | Noticed Blork the orc
  1642 | D:6      | Killed Blork the orc
  1774 | D:6      | Reached skill level 10 in Conjurations
  1889 | D:6      | Noticed Menkaure
  1897 | D:6      | Killed Menkaure
  1969 | D:6      | Reached skill level 11 in Conjurations
  2018 | D:6      | Found a sparkling altar of Nemelex Xobeh.
  2238 | D:6      | Reached XP level 8. HP: 41/41 MP: 10/14
  2461 | D:7      | Found Veowkoi's Jewellery Emporium.
  2463 | D:7      | Noticed Prince Ribbit
  2470 | D:7      | Killed Prince Ribbit
  2558 | D:7      | Reached skill level 12 in Conjurations
  2780 | D:7      | Found a runed translucent door.
  2780 | D:7      | Noticed a cyclops
  2780 | D:7      | Noticed middlethird's ghost (novice VSMo)
  2859 | D:7      | Found a radiant altar of Vehumet.
  3587 | D:8      | Reached skill level 13 in Conjurations
  3604 | D:8      | Found a shimmering altar of Xom.
  3654 | D:8      | Identified the +5 rapier of Responsibility {vamp, +Blink
                  | rC+}
  3831 | D:8      | Found a flagged portal.
  3843 | D:8      | Reached XP level 9. HP: 45/45 MP: 11/15
  3870 | Bailey   | Entered a bailey
  3889 | Bailey   | Slain by a human

Illustrated notes

Levels and vault maps discovered:
D:1:      dpeg_arrival_stonehenge_12_columns, layout_basic, serial_shops, shop
D:2:      layout_basic, shapermc_ecumenical_altar_ellora, minivault_25,
          uniq_robin, uniq_terence, uniq_jessica
D:3:      layout_rooms, uniq_grinder
D:4:      layout_loops_corners, mainiacjoe_overflow_paths,
          overflow_temple_1_default
D:5:      layout_basic, kennysheep_mini_moat, overflow_temple_1_default,
          minmay_temple_entry_mist, uniq_crazy_yiuf_cottage
D:6:      layout_basic, pdpol_wu_jian_five_deadly_venoms, lemuel_round_altar,
          lemuel_coloured_pillars_altar, uniq_blork_the_orc, uniq_menkaure
D:7:      layout_basic, mainiacjoe_overflow_concentric_impassable, serial_shops,
          shop, ebering_ghost_inner_flame, uniq_prince_ribbit1
D:8:      layout_basic, mainiacjoe_overflow_brackets, enter_bailey_2,
          grunt_ministairs_4
Temple:   nicolae_temple_bog_church
Bailey:   bailey_axe_froggy_fort_hellmonk, bailey

Skill      XL: |  1  2  3  4  5  6  7  8 |
---------------+-------------------------+-----
Conjurations   | 5 6 7 8 9 11 13 | 13.6
Dodging        | |  2.4
Stealth        | |  2.4
Spellcasting   | |  3.0

Action                     |  1- 3 |  4- 6 |  7- 9 || total
---------------------------+-------+-------+-------++-------
  Melee: Staff             |       |       |    13 ||    13
   Cast: Magic Dart        |    12 |    29 |    31 ||    72
         Searing Ray       |     3 |    13 |    36 ||    52
 Invoke: Call Merchant     |       |     1 |       ||     1
    Use: Potion            |     1 |     1 |       ||     2
         Scroll            |       |     2 |     1 ||     3
 Armour: Robe              |     7 |     5 |    16 ||    28
  Dodge: Dodged            |     5 |    12 |    32 ||    49
